 Dungeon Crawl Stone Soup version 0.29.1-1-gd02db6906a (webtiles) character file.

Game seed: 14347180728323395647

1341 RogueRain17 the Skirmisher (level 8, 64/64 HPs)
             Began as a Gnoll Hunter on Sept 29, 2022.
             Was an Initiate of Yredelemnul.
             Quit the game on level 6 of the Dungeon on Sept 30, 2022.
             The game lasted 00:15:36 (6633 turns).

RogueRain17 the Skirmisher (Gnoll Hunter)           Turns: 6633, Time: 00:15:37

Health: 64/64      AC:  5    Str: 10    XL:     8   Next: 62%
Magic:  13/13      EV: 14    Int: 10    God:    Yredelemnul [......]
Gold:   338        SH:  0    Dex: 17    Spells: 14/14 levels left

rFire   . . .      SeeInvis .   a - +1 shortbow
rCold   . . .      Faith    .   (shield currently unavailable)
rNeg    . . .      Spirit   .   c - +1 leather armour
rPois   .          Reflect  .   (no helmet)
rElec   .          Harm     .   m - +0 cloak
rCorr   .          Rampage  .   (no gloves)
Will    .....                   (no boots)
Stlth   +++.......              (no amulet)
HPRegen 0.20/turn               (no ring)
MPRegen 0.13/turn               (no ring)

@: no status effects
A: fangs 1, strong nose, distributed training
a: Renounce Religion, Recall Undead Harvest


You were on level 6 of the Dungeon.
You worshipped Yredelemnul.
Yredelemnul was noncommittal.
You visited 2 branches of the dungeon, and saw 8 of its levels.
You also visited: Sewer.

You collected 338 gold pieces.

Inventory:

Hand Weapons
 a - a +1 shortbow (weapon)
Armour
 c - a +1 leather armour (worn)
 m - a +0 cloak (worn)
Jewellery
 d - a ring of see invisible
 g - a ring of positive energy
 q - a ring of protection from cold
 B - a ring of positive energy
 C - an amulet of the acrobat
Wands
 z - a wand of flame (25)
 A - a wand of iceblast (3)
Scrolls
 b - a scroll of noise
 j - a scroll of poison
 k - 4 scrolls of teleportation
 l - 7 scrolls of identify
 v - a scroll of fog
Potions
 e - 2 potions of mutation {unknown}
 i - a potion of degeneration {unknown}
 n - a potion of haste {unknown}
 o - 2 potions of heal wounds {unknown}
 p - a potion of berserk rage {unknown}
 r - a potion of brilliance {unknown}
 s - 2 potions of attraction {unknown}
 t - 2 potions of lignification {unknown}
 u - a potion of resistance {unknown}
 w - a potion of flight
 x - a potion of curing {unknown}


   Skills:
 + Level 5.9 Fighting
 + Level 3.5 Short Blades
 + Level 3.5 Long Blades
 + Level 3.5 Axes
 + Level 3.5 Maces & Flails
 + Level 3.5 Polearms
 + Level 3.5 Staves
 + Level 9.3 Ranged Weapons
 + Level 3.5 Throwing
 + Level 3.5 Armour
 + Level 5.9 Dodging
 + Level 4.3 Stealth
 + Level 3.5 Shields
 + Level 3.5 Unarmed Combat
 + Level 3.5 Spellcasting
 + Level 2.9 Conjurations
 + Level 2.9 Hexes
 + Level 2.9 Summonings
 + Level 2.9 Necromancy
 + Level 2.9 Translocations
 + Level 2.9 Transmutations
 + Level 2.9 Fire Magic
 + Level 2.9 Ice Magic
 + Level 2.9 Air Magic
 + Level 2.9 Earth Magic
 + Level 2.9 Poison Magic
 + Level 3.9 Invocations
 + Level 3.5 Evocations


You had 14 spell levels left.
You didn't know any spells.
Your spell library contained the following spells:

 Spells                   Type           Power      Damage    Failure   Level
 Slow                     Hex            28%        N/A       11%         1
 Confusing Touch          Hex            7%         N/A       30%         3
 Vampiric Draining        Necr           7%         2d6       30%         3


Dungeon Overview and Level Annotations

Branches:
Dungeon (7/15)             Temple (1/1) D:4           Sewer (visited)

Altars:
Cheibriados
Dithmenos
Fedhas
Makhleb
Nemelex Xobeh
Okawaru
Qazlal
Ru
Sif Muna
Uskayaw
Wu Jian
Yredelemnul
Zin
The Shining One

Shops:
D:1 :

Annotations:
D:2 Sigmund
D:7 Dowan, Duvessa


Innate Abilities, Weirdness & Mutations

You have very sharp teeth.
Your uncanny sense of smell can sniff out nearby items.
Your experience applies equally to all skills.


Message History

You hear a loud clanging noise!
It was a scroll of noise.
As you read the scroll labelled RIPSAODUCE, it crumbles to dust.
Wisps of shadow whirl around you...
It was a scroll of summoning.
As you read the scroll labelled IDETOU COROF, it crumbles to dust.
It is a scroll of enchant weapon.
Your +0 shortbow glows red for a moment.
The air fills with toxic fumes!
As you read the scroll labelled ALEMIVV LIEL, it crumbles to dust.
It was a scroll of poison.
As you read the scroll labelled BIM MEEWARA, it crumbles to dust.
It is a scroll of identify.
v - a scroll of fog
As you read the scroll labelled MUTAIMP KIMEOTS, it crumbles to dust.
You assume a fearsome visage.
Nothing appears to happen.
It was a scroll of fear.
Welcome back, RogueRain17 the Gnoll Hunter.
Yredelemnul says: Carry the black torch!
Rouse the idle dead!
Press ? for a list of commands and other information.
Done exploring.
You start waiting.
Your wight dissolves into shadows! x2
Your ogre dissolves into shadows!
Your ice beast dissolves into shadows!
Your wight dissolves into shadows!
Done waiting.
You swap places.
There is a stone staircase leading down here.
You climb downwards.
Found a viscous sapphire potion and a scroll of identify.
There is a stone staircase leading up here.
Dowan shouts!
The gnoll bouda shouts!
You hear a shout! x2
The gnoll bouda barks out a call to the hunt!
The gnolls pick up the pace!
You climb upwards.
Your orc zombie crumbles into dust!
Your jelly zombie crumbles into dust!
Your spectral shadow imp fades into mist!
There is a stone staircase leading down here.
Unknown command.
Are you sure you want to abandon this character and quit the game? (Confirm with "yes".)

###Z####.#...Z..............#
...ZZZ.#.Z.Z.....#####..#####
....Z..#..####.#.####...#
.......#.## #.#.##....##
..._...#.#####...##.#.##
.......#.........##.#.#
.......#.........##.#.#
.......#.........##...#####
########........@....##...#
......Z.........###.###.#.#
.##......#.###### #.# #.#.#
.##.....##.# #.# #.#.#
.##......#.########.# #.#.#
.##......#..........# #.#.#
.###.....##########.# #.#Z#
)# #.##### ### #.#.# .###.#
###############.#Z#


There were no monsters in sight!

Vanquished Creatures
  A water moccasin (D:6)
  An ice beast (D:5)
  2 black bears
  An ogre (D:5)
  A scorpion (D:5)
  2 hounds (D:5)
  A jelly (D:6)
  An orc priest (D:2)
  3 iguanas
  Natasha (twice) (D:3)
  An orc wizard (D:2)
  5 gnolls
  10 adders
  2 river rats (Sewer)
  2 shadow imps
  2 dart slugs
  12 orcs
  12 ball pythons
  6 endoplasms
  11 giant cockroaches
  8 goblins
  11 hobgoblins
  5 quokkas
  3 bats (D:1)
  6 frilled lizards
  A kobold (D:1)
  28 rats
140 creatures vanquished.

Vanquished Creatures (collateral kills)
  Menkaure (D:4)
  A gnoll bouda (D:5)
  A merfolk siren (Sewer)
  A merfolk avatar (Sewer)
  A gnoll (D:5)
  2 river rats (Sewer)
  An adder (Sewer)
  4 ball pythons (Sewer)
  A giant cockroach (Sewer)
  A quokka (Sewer)
  A rat (Sewer)
15 creatures vanquished.

Vanquished Creatures (others)
  A spectral shadow imp (D:5)
  An adder zombie (D:5)
  2 ball python zombies (Sewer)
  An orc zombie (D:5)
  A quokka zombie (D:5)
  A rat zombie (Sewer)
7 creatures vanquished.

Grand Total: 162 creatures vanquished

Notes
Turn   | Place    | Note
-------+----------+-------------------------------------------
     0 | D:1      | RogueRain17 the Gnoll Hunter began the quest for the Orb.
     0 | D:1      | Reached XP level 1. HP: 20/20 MP: 1/1
   287 | D:1      | Reached XP level 2. HP: 26/26 MP: 2/2
   644 | D:1      | Found Plog's Book Shoppe.
   699 | D:1      | Reached XP level 3. HP: 31/31 MP: 3/3
   950 | D:2      | Reached skill level 1 in Invocations
  1043 | D:2      | Reached skill level 1 in Short Blades
  1043 | D:2      | Reached skill level 1 in Long Blades
  1043 | D:2      | Reached skill level 1 in Axes
  1043 | D:2      | Reached skill level 1 in Maces & Flails
  1043 | D:2      | Reached skill level 1 in Polearms
  1043 | D:2      | Reached skill level 1 in Staves
  1043 | D:2      | Reached skill level 1 in Throwing
  1043 | D:2      | Reached skill level 1 in Armour
  1043 | D:2      | Reached skill level 1 in Shields
  1043 | D:2      | Reached skill level 1 in Unarmed Combat
  1043 | D:2      | Reached skill level 1 in Spellcasting
  1043 | D:2      | Reached skill level 1 in Evocations
  1070 | D:2      | Found a faded altar of an unknown god.
  1162 | D:2      | Reached skill level 1 in Conjurations
  1162 | D:2      | Reached skill level 1 in Hexes
  1162 | D:2      | Reached skill level 1 in Summonings
  1162 | D:2      | Reached skill level 1 in Necromancy
  1162 | D:2      | Reached skill level 1 in Translocations
  1162 | D:2      | Reached skill level 1 in Transmutations
  1162 | D:2      | Reached skill level 1 in Fire Magic
  1162 | D:2      | Reached skill level 1 in Ice Magic
  1162 | D:2      | Reached skill level 1 in Air Magic
  1162 | D:2      | Reached skill level 1 in Earth Magic
  1162 | D:2      | Reached skill level 1 in Poison Magic
  1162 | D:2      | Reached XP level 4. HP: 32/38 MP: 5/5
  1163 | D:2      | Reached XP level 5. HP: 36/43 MP: 5/7
  1492 | D:2      | Noticed Sigmund
  1964 | D:3      | Found a burning altar of Makhleb.
  1973 | D:3      | Noticed Natasha
  1983 | D:3      | Killed Natasha
  2112 | D:3      | Noticed Natasha
  2115 | D:3      | Killed Natasha
  2326 | D:3      | Found an ornate altar of the Wu Jian Council.
  2377 | D:3      | You fall into a shaft and drop 1 floor!
  2485 | D:4      | Reached XP level 6. HP: 50/50 MP: 8/8
  2677 | D:4      | Found a staircase to the Ecumenical Temple.
  2713 | Temple   | Entered the Ecumenical Temple
  2929 | Temple   | Became a worshipper of Yredelemnul the Dark
  2989 | D:4      | Reached skill level 5 in Fighting
  2989 | D:4      | Reached skill level 5 in Dodging
  3086 | D:4      | Noticed Menkaure
  3093 | D:4      | Killed Menkaure
  3329 | D:4      | Reached * piety under Yredelemnul
  3531 | D:5      | Entered Level 5 of the Dungeon
  3639 | D:5      | Reached XP level 7. HP: 44/56 MP: 10/10
  4001 | D:5      | Found a glowing drain.
  4005 | Sewer    | Entered a sewer
  4097 | Sewer    | Reached ** piety under Yredelemnul
  4259 | Sewer    | Reached skill level 9 in Ranged Weapons
  4773 | D:5      | Found a snail-covered altar of Cheibriados.
  4799 | D:5      | Reached XP level 8. HP: 57/63 MP: 12/12
  5913 | D:6      | Found a hide-covered altar of Uskayaw.
  6630 | D:7      | Noticed Duvessa
  6630 | D:7      | Noticed Dowan
  6633 | D:6      | Quit the game

Illustrated notes

Levels and vault maps discovered:
D:1:      minmay_arrival_doors, layout_loops_corners, serial_shops, shop,
          minmay_worlds_worst_comb
D:2:      layout_basic, nicolae_ecumenical_snake_handling, lemuel_flame_loot_1,
          uniq_sigmund
D:3:      layout_loops_corners, mainiacjoe_overflow_chevrons,
          amcnicky_altar_gilded, wad_floor_pattern_untrapped,
          minmay_misc_feat_square, uniq_natasha
D:4:      wad_river_or_something, layout_loops_cross,
          minmay_temple_entry_steel_oval, kennysheep_nub, uniq_menkaure
D:5:      layout_loops_ring, mainiacjoe_overflow_alcove_2,
          gup_sewer_entry_spiral
D:6:      layout_basic, lemuel_tele_altar
D:7:      layout_rooms, nicolae_overflow_crystal_walls, lemuel_doored_altar,
          uniq_duvessa, uniq_pikel
Temple:   hellmonk_temple_flake

Skill      XL: |  1  2  3  4  5  6  7  8 |
---------------+-------------------------+-----
Invocations    | 1 2 3 |  3.9
Short Blades   | 1 2 3 |  3.5
Long Blades    | 1 2 3 |  3.5
Axes           | 1 2 3 |  3.5
Maces & Flails | 1 2 3 |  3.5
Polearms       | 1 2 3 |  3.5
Staves         | 1 2 3 |  3.5
Throwing       | 1 2 3 |  3.5
Armour         | 1 2 3 |  3.5
Shields        | 1 2 3 |  3.5
Unarmed Combat | 1 2 3 |  3.5
Spellcasting   | 1 2 3 |  3.5
Evocations     | 1 2 3 |  3.5
Conjurations   | 1 2 |  2.9
Hexes          | 1 2 |  2.9
Summonings     | 1 2 |  2.9
Necromancy     | 1 2 |  2.9
Translocations | 1 2 |  2.9
Transmutations | 1 2 |  2.9
Fire Magic     | 1 2 |  2.9
Ice Magic      | 1 2 |  2.9
Air Magic      | 1 2 |  2.9
Earth Magic    | 1 2 |  2.9
Poison Magic   | 1 2 |  2.9
Stealth        | 3 4 |  4.3
Fighting       | 5 |  5.9
Dodging        | 5 |  5.9
Ranged Weapons | 9 |  9.3

Action                   |  1- 3 |  4- 6 |  7- 9 || total
-------------------------+-------+-------+-------++-------
 Fire: Shortbow          |    64 |   126 |   226 ||   416
Invok: Dark Bargain      |       |       |     6 ||     6
Evoke: Wand              |       |       |     1 ||     1
  Use: Scroll            |     1 |     1 |     6 ||     8
Armor: Leather armour    |     9 |     8 |    30 ||    47
Dodge: Dodged            |     9 |    20 |   131 ||   160
